[Event "*** Titled Tuesday Blitz"]
[Site "Chess.com"]
[Date "2018.09.04"]
[Round "3"]
[White "ajkom197"]
[Black "Pudor"]
[Result "0-1"]
[WhiteElo "2385"]
[BlackElo "2220"]
[TimeControl "180+2"]
[EndTime "14:15:01 PDT"]
[Termination "Pudor won by resignation"]

1. d4 Nf6 2. Bf4 g6 3. e3 Bg7 4. Be2 O-O 5. Nf3 d6 6. h3 c5 7. c3 b6 8. O-O Bb7 9. a4 Nbd7 10. Nbd2 a6 11. Bh2 Ne4 12. Nxe4 Bxe4 13. Nd2 Bb7 14.
Qb3 Rc8 15. Rfc1 Nf6 16. Qd1 Qd7 17. Qf1 Ra8 18. b4 cxb4 19. cxb4 Rfc8 20. b5 a5 21.
Bf3 Bxf3 22. Nxf3 Nd5 23. Qd3 Nb4 24. Qd2 Qf5 25. Ne1 Qd5 26. Nd3 Qb3 27. Nxb4 axb4 28. Rcb1 Qc3 29. Qd1 Qc4 30. Bg3 Bf6 31. f3 Bg5 32. f4 Bf6 33. Be1 b3 34. Qxb3 Qxb3 35. Rxb3 e5 36. fxe5 dxe5 37. Bc3 exd4 38. Bxd4 Bxd4 39.
exd4 Ra5 40. d5 Rd8 41. Rb4 Rxd5 42. Rc1 Ra8 43. Rc6 Rb8 44. Rbc4 Kg7 45. Kf2 Rd2+ 46. Kg3 Ra2 47. Rf4 Rb7 48. Kh2 Ra7 49. Rcc4 Ra5 50. Rc7 R2xa4 51. Rfxf7+ Kh6 52. Rxh7+ Kg5 53. Rhd7 Rxb5 54.
Rc6 Kh6 55. Rdd6 Rg5 56. Rd2 Rb4 57. g4 Rc5 58. Re6 Rc3 59. Rde2 Rbb3 60. R6e4 Rxh3+ 61. Kg2 Rhg3+ 62. Kf2 Rgf3+ 63. Kg2 Rg3+ 64. Kf2 Rbf3+ 65. Ke1 Rb3 66. Kf2 Rgf3+ 67. Kg2 Rfc3 68. Rd2 b5 69.
Rd5 Rc2+ 70. Kf1 Rb1+ 71. Re1 Rxe1+ 72. Kxe1 Rb2 73. Kf1 b4 74. Rb5 b3 75. Kg1 Kg7 76. g5 Kf7 77. Rb6 Ke7 78. Rxg6 Rc2 0-1

[Event "*** Titled Tuesday Blitz"]
[Site "Chess.com"]
[Date "2018.09.04"]
[Round "3"]
[White "VerdeNotte"]
[Black "Nakachuk"]
[Result "1-0"]
[WhiteElo "2819"]
[BlackElo "2700"]
[TimeControl "180+2"]
[EndTime "14:15:02 PDT"]
[Termination "VerdeNotte won by resignation"]

1. e4 c5 2. Nf3 e6 3. d3 Nc6 4.
g3 d5 5. Qe2 Nf6 6. Bg2 Be7 7.
O-O O-O 8. e5 Nd7 9. c4 Rb8 10.
Nc3 d4 11. Ne4 Ncxe5 12. Nxe5 Nxe5 13. Bf4 f6 14. Bxe5 fxe5 15. h4 Bd7 16. b3 Bc6 17. Nd2 Qc7 18. Bxc6 Qxc6 19. Qxe5 Rbe8 20. Rae1 Bd6 21.
Qe4 Qd7 22. Qg4 Rf5 23. Re2 Ref8 24. Rfe1 h5 25. Qe4 Bb8 26. Qg2 Qf7 27. Ne4 Qg6 28.
Ng5 e5 29. Qxb7 Kh8 30. Qd5 Qf6 31. Qxc5 Bd6 32. Qd5 Rxf2 33. Qe4 g6 34. Nh3 Rf1+ 35.
Kh2 Rf3 36. Rg2 a5 37. Ng5 Rf5 38. Qb7 Qe7 39. Qxe7 Bxe7 40. Ne4 Rf3 41. Rd1 Bb4 42. Re2 Kg7 43. Kg2 R3f5 44. Ng5 Re8 45. Rf1 Bc5 46.
Ref2 Rxf2+ 47. Rxf2 Re7 48. Ne4 Bb4 49. Rf1 Ra7 50.
c5 Rc7 51. Rc1 Rc6 52. Kf3 Ba3 53. Rc4 Kf7 54. g4 Ke6 55. gxh5 gxh5 56. Ng3 Kd5 57. Nxh5 Rh6 58. c6 Bd6 59. Ng3 Rxh4 60. c7 Rf4+ 61. Ke2 Bxc7 62. Rxc7 Rg4 63. Ne4 Rg2+ 64. Nf2 Kd6 65.
Rc2 Kd5 66. Kf3 Rh2 67. Kg3 Rh8 68. Ne4 Rg8+ 69. Kf3 Rf8+ 70. Ke2 Rh8 71. Rc5+ Ke6 72.
Rxa5 Rh2+ 73. Nf2 Kf6 74. Ra8 Kf5 75. Rf8+ Ke6 76. a4 Rh7 77. Rb8 Rc7 78. Ne4 Kf5 79. a5 Kf4 80. Rf8+ Kg4 81. b4 Rc2+ 82. Nd2 Rb2 83. a6 e4 84. dxe4 1-0

[Event "*** Titled Tuesday Blitz"]
[Site "Chess.com"]
[Date "2018.09.04"]
[Round "3"]
[White "champ2005"]
[Black "enriquetejedor"]
[Result "1-0"]
[WhiteElo "2755"]
[BlackElo "2443"]
[TimeControl "180+2"]
[EndTime "14:15:04 PDT"]
[Termination "champ2005 won by resignation"]

1. e4 c5 2. Na3 g6 3. c3 Bg7 4. Nf3 Nf6 5. d3 O-O 6. Be2 Nc6 7. O-O d5 8. e5 Ne8 9. d4 Bg4 10. Be3 cxd4 11. cxd4 Nc7 12. Qd2 e6 13. Rac1 Qe7 14.
Rc3 Rfc8 15. Rfc1 Bxf3 16. Bxf3 a6 17. Be2 Qb4 18. h4 h5 19. Qd1 Nb5 20. Rb3 Qe7 21. Bg5 Qd7 22. Bxb5 axb5 23. Nxb5 Rxa2 24. Be3 Bf8 25. g4 hxg4 26. Qxg4 Nxe5 27. dxe5 Rxc1+ 28. Bxc1 Ra1 29. Qd1 Qc6 30. Nc3 d4 31. Ne2 Qe4 32. Ng3 Qxh4 33. Kg2 Bh6 34. Rxb7 Rxc1 35. Qf3 Bf4 36.
Rb8+ Kg7 37. Qa8 Qh7 38. Qa3 Bxe5 39. Qf8+ Kf6 40. Qd8+ Kg7 41. Qg5 Bf6 42. Qxc1 Qh4 43. Qc8 Be7 44. Qg8+ Kf6 45. Qh8+ Qxh8 46. Rxh8 Ke5 47.
Rc8 f5 48. Nf1 Bb4 49. Rc4 Be1 50. Rc1 Bb4 51. Kf3 Kd5 52. Ke2 e5 53. Nd2 g5 54.
Nc4 e4 55. Nb6+ Ke5 56. Nd7+ Kd6 57. Nf6 d3+ 58. Kd1 Ke5 59. Rc4 Be7 60. Nd7+ Kd5 61. Nb6+ Ke5 62. b4 Kf4 63. Nd5+ Kf3 64. Nxe7 f4 65. b5 g4 66. Nf5 Kxf2 67. Rxe4 Kf3 68.
Re1 g3 69. b6 g2 70. Nh4+ Kf2 71. Nxg2 f3 72. Ne3 d2 73. Kxd2 Kg3 74. b7 Kf2 75. Rf1+ 1-0

[Event "*** Titled Tuesday Blitz"]
[Site "Chess.com"]
[Date "2018.09.04"]
[Round "3"]
[White "Haykos"]
[Black "Divertissement"]
[Result "1/2-1/2"]
[WhiteElo "2536"]
[BlackElo "2541"]
[TimeControl "180+2"]
[EndTime "14:15:10 PDT"]
[Termination "Game drawn by repetition"]

1. e4 c5 2. Nf3 d6 3. Bb5+ Bd7 4.
Bxd7+ Nxd7 5. O-O Ngf6 6. Re1 e6 7. c3 Be7 8. d4 cxd4 9. cxd4 d5 10. e5 Ne4 11. Nbd2 Nxd2 12. Bxd2 O-O 13. Rc1 Qb6 14. Bc3 Qa6 15. a3 f6 16. exf6 Bxf6 17. Qe2 Qxe2 18. Rxe2 Rfe8 19. Bb4 a5 20. Bd6 Rac8 21. Rec2 Rxc2 22.
Rxc2 e5 23. dxe5 Bxe5 24. Rc7 Bxd6 25. Rxd7 Bc5 26. Rxd5 b6 27. Kf1 Re4 28. Rd8+ Bf8 29. Rb8 Re6 30. Ng5 Rc6 31. Nxh7 Kxh7 32. Rxf8 Rc1+ 33. Ke2 Rc2+ 34. Ke3 Rxb2 35. a4 Rb3+ 36. Ke2 Rb2+ 37. Kf3 g5 38. Rb8 Rb4 39. Kg3 Kg6 40. f3 Kh5 41. Rh8+ Kg6 42. Rb8 Kh5 43. Rb7 Kg6 44. Kh3 Kh5 45. Rc7 Rxa4 46. g4+ Kg6 47.
Rc6+ Kf7 48. Rxb6 Ra1 49. Rb5 Kg6 50. Kg3 a4 51. Ra5 a3 52. Ra6+ Kg7 53. Kg2 Kf7 54. h4 gxh4 55. f4 a2 56. f5 h3+ 57. Kh2 Ke7 58. g5 Rf1 59. f6+ Kf7 60. Rxa2 Rf5 61. Ra7+ Kf8 62. Rg7 Rf3 63. Rh7 Rf5 64. Rh5 Kf7 65.
Kxh3 Rf3+ 66. Kg4 Ra3 67. Rh7+ Kg8 68. Rg7+ Kh8 69. Kf5 Rf3+ 70. Kg4 Rxf6 71. Rg8+ Kxg8 72. gxf6 Kf7 73. Kf5 Kf8 74. Kg5 Kf7 75. Kf5 Kf8 76. Ke6 Ke8 77. Ke5 Kf7 78. Kf5 Kf8 1/2-1/2

[Event "*** Titled Tuesday Blitz"]
[Site "Chess.com"]
[Date "2018.09.04"]
[Round "3"]
[White "biostatistician"]
[Black "Winehouse83"]
[Result "1/2-1/2"]
[WhiteElo "2482"]
[BlackElo "2472"]
[TimeControl "180+2"]
[EndTime "14:15:15 PDT"]
[Termination "Game drawn by repetition"]

1. e4 e5 2. Nf3 Nc6 3. Bb5 a6 4. Bxc6 dxc6 5. Nc3 f6 6. d4 exd4 7. Qxd4 Bg4 8. Be3 Qxd4 9. Nxd4 c5 10. Nb3 b6 11. f3 Bd7 12. O-O-O O-O-O 13. Bf4 Ne7 14. Bg3 h5 15. h4 g6 16. Nd2 Bh6 17. Kb1 Be6 18. Nb3 a5 19. Nb5 a4 20. Nc1 Bxc1 21.
Kxc1 Bxa2 22. Nc3 Bc4 23. Nxa4 Rxd1+ 24. Rxd1 Rd8 25. Bf2 Rxd1+ 26. Kxd1 Bf1 27. g3 Nc6 28. Nc3 Ne5 29. f4 Ng4 30. Bg1 c6 31. Kd2 Kd7 32.
Nd1 Bg2 33. Kd3 Bf1+ 34. Kd2 Bg2 35. Kd3 Kd6 36. Ne3 Nxe3 37. Bxe3 b5 38. Bd2 f5 39.
e5+ Kd5 40. b3 Be4+ 41. Kc3 b4+ 42. Kb2 Ke6 43. Be3 Kd5 44. Bf2 Bf3 45. c3 bxc3+ 46. Kxc3 Be2 47. Be3 Ba6 48. Kb2 Bb5 49. Ka3 c4 50.
bxc4+ Bxc4 51. Kb4 Ba2 52. Bc5 Ke6 53. Bf8 Bd5 54.
Kc5 Kf7 55. Bd6 Ke6 56. Bc7 Be4 57. Bb6 Bd5 58. Ba5 Be4 59. Bb4 Bd5 60. Kb6 Kf7 61. Kc7 Be6 62. Kxc6 Ba2 63. Kd7 Be6+ 64. Kd8 Ba2 65.
Bc5 Be6 66. Kc7 Bb3 67. Kd6 Ba2 68. Kd7 Be6+ 69. Kd8 Bb3 70. Bb4 Ba2 71. Ba3 Bb3 72. Be7 Ba2 73. Bf6 Bb3 74. Kd7 Be6+ 75. Kd6 Ba2 76.
Bg5 Bb3 77. Bd8 Ba2 78. Bb6 Bb3 79. Kc5 Ba2 80. Kb4 Be6 81. Kc3 Bd5 82. Kd4 Be6 83. Kc5 Ba2 84. Ba5 Be6 85. Bd2 Ba2 86. Kd6 Bb3 87.
Kd7 Be6+ 88. Kc7 Bb3 89. Kd8 Be6 90. Kc7 Bb3 91. Kd6 Ba2 92. Kd7 Bb3 93. Kd8 Bc4 94. Kd7 Bb3 95. Kd6 Ba2 96. Kd7 Bb3 97. Kd6 Ba2 98.
Kd7 Bb3 99. Kd6 Ba2 100. Kd7 Bb3 1/2-1/2

[Event "*** Titled Tuesday Blitz"]
[Site "Chess.com"]
[Date "2018.09.04"]
[Round "3"]
[White "SaraciNderim"]
[Black "Fins0905"]
[Result "0-1"]
[WhiteElo "2503"]
[BlackElo "2598"]
[TimeControl "180+2"]
[EndTime "14:15:17 PDT"]
[Termination "Fins0905 won by resignation"]

1. d4 d5 2. c4 c6 3. Nf3 Nf6 4. Nc3 dxc4 5. a4 Bf5 6. Ne5 e6 7. f3 Bb4 8. e4 Bxe4 9. fxe4 Nxe4 10. Bd2 Qxd4 11. Nxe4 Qxe4+ 12. Qe2 Bxd2+ 13. Kxd2 Qd5+ 14. Ke1 Na6 15. Rd1 Qa5+ 16. Kf2 Qxa4 17. g3 O-O 18. Bg2 Rad8 19. Qxc4 Qa5 20. Qc3 Qb6+ 21. Ke2 Qb5+ 22. Kf2 Nb4 23. Rhe1 Qb6+ 24. Kf1 Nd5 25. Bxd5 exd5 26.
Nd3 h6 27. Qc5 Qa6 28. Kf2 Qb6 29. b4 Rfe8 30. Kf3 Qc7 31. Qxa7 Qd7 32. Qd4 Qh3 33. Qh4 Qf5+ 34. Qf4 Qh3 35. Nf2 Qh5+ 36. Qg4 Qxg4+ 37. Nxg4 f6 38. Nf2 Kf7 39. Nd3 Rxe1 40. Rxe1 Ra8 41.
Nc5 b6 42. Nd7 Ra4 43. Rb1 b5 44. Nc5 Ra2 45. h4 f5 46. Rc1 g5 47. Nd3 Ra3 48. Ke3 Ra6 49. hxg5 hxg5 50. Ne5+ Kg7 51. Nxc6 Ra3+ 52.
Kf2 Rb3 53. Nd4 Rxb4 54. Nxf5+ Kf6 55. Ne3 Ke6 56. Rc6+ Ke5 57. Rc5 Ke4 58. Nf1 Rb2+ 59. Ke1 b4 60. Rb5 g4 61. Rb8 d4 62. Rg8 Kf3 63. Rf8+ Kg2 64. Rf4 d3 65. Ne3+ Kxg3 66. Nd5 Re2+ 67. Kd1 b3 68. Rb4 b2 69. Nc3 Rc2 70. Ne4+ Kh2 71. Nc3 Rxc3 72. Rxb2+ Rc2 73. Rb8 g3 0-1

[Event "*** Titled Tuesday Blitz"]
[Site "Chess.com"]
[Date "2018.09.04"]
[Round "3"]
[White "wonderfultime"]
[Black "ahmadzada13"]
[Result "1-0"]
[WhiteElo "2824"]
[BlackElo "2623"]
[TimeControl "180+2"]
[EndTime "14:15:36 PDT"]
[Termination "wonderfultime won by resignation"]

1. d4 Nf6 2. Nf3 e6 3. Bf4 c5 4. c3 Nc6 5. e3 b6 6. Bd3 Bb7 7. h3 Be7 8. Nbd2 O-O 9. O-O Nd5 10. Bh2 cxd4 11. exd4 f5 12. Re1 g5 13. a3 f4 14.
Qc2 Rf7 15. c4 Nc7 16. d5 Nb8 17. dxe6 Nxe6 18. Be4 Nc6 19. Rad1 Qc8 20. Bd5 Ncd4 21. Nxd4 Bxd5 22. Nf5 Bf8 23. Qb1 Bc6 24. Nf3 Bxf3 25.
gxf3 Qc5 26. Rd5 Qxc4 27. Red1 Qa4 28. h4 Rc8 29. hxg5 Nxg5 30. Kg2 Qb3 31. R1d3 Qc2 32. Qxc2 Rxc2 33. Bxf4 Ne6 34. Be3 Rxb2 35. Kg3 Ra2 36. Kg4 Rc2 37. Kg3 Rf6 38. f4 Nc5 39. Bxc5 Rxc5 40. Ne3 Rg6+ 41. Kf3 Rxd5 42. Nxd5 Rd6 43. Ke4 Re6+ 44. Kf5 Kf7 45. Rh3 h6 46. Rc3 Rd6 47. Ne3 Rf6+ 48. Ke4 Re6+ 49. Kf3 Bc5 50. Ng4 d6 51. f5 Re1 52. Nxh6+ Kf6 53. Kf4 d5 54. Ng4+ Kf7 55. Rh3 Kg7 56. Kg5 Be7+ 57. f6+ Bxf6+ 58. Nxf6 Rg1+ 59. Kf4 Kxf6 60. Rh7 Rg7 61. Rh6+ Ke7 62.
Ke5 Rf7 63. f4 d4 64. Re6+ Kd7 65. Rd6+ Kc7 66. Rxd4 Kc6 67. Ke6 Rh7 68. f5 Kc5 69. Rd7 Rh6+ 70. f6 a5 71. Ke7 b5 72. Rc7+ Kd4 73. Ra7 a4 74. f7 Rh7 75. Kd6 Rh6+ 76. Ke7 Rh7 77. Kf6 Rxf7+ 78. Rxf7 Kc3 79. Ke5 Kb3 80.
Rf3+ Kc4 81. Rh3 b4 82. Rh4+ Kb3 83. axb4 a3 84. b5 a2 85. Rh1 1-0

[Event "*** Titled Tuesday Blitz"]
[Site "Chess.com"]
[Date "2018.09.04"]
[Round "3"]
[White "51616516516"]
[Black "NemtsevIgor"]
[Result "1/2-1/2"]
[WhiteElo "2210"]
[BlackElo "2393"]
[TimeControl "180+2"]
[EndTime "14:16:27 PDT"]
[Termination "Game drawn - insufficient material"]

1. d4 c6 2. c4 d6 3. Nc3 Nd7 4. Nf3 h6 5. g3 g5 6. h3 Bg7 7.
Bg2 Nf8 8. O-O Ng6 9. e4 g4 10.
hxg4 Bxg4 11. Qc2 Bxf3 12. Bxf3 Bxd4 13. Ne2 Be5 14. Kg2 h5 15. Rh1 h4 16. Bg5 Nf6 17. gxh4 Rg8 18. Kf1 Qb6 19. Rb1 O-O-O 20. h5 Nf8 21.
Be3 c5 22. b4 Qc7 23. bxc5 dxc5 24. Qa4 b6 25. h6 Rh8 26. Qa6+ Kb8 27. a4 Qc8 28. Qb5 Qd7 29. Qb3 Qd3 30. Qb5 Rg8 31.
Re1 Ne6 32. a5 Rd6 33. axb6 axb6 34. h7 Rh8 35. Qb1 Qxb1 36. Rxb1 Rxh7 37. Rxh7 Nxh7 38. Bg4 Nf6 39. Bxe6 Rxe6 40. Bxc5 Nxe4 41. Rxb6+ Rxb6 42. Bxb6 Nd2+ 43. Kg2 Nxc4 44. Bc5 e6 45. Bd4 Bxd4 46. Nxd4 Kc7 47. Nf3 Kd6 48. Ng5 f5 49. f4 Kd5 50.
Kf3 Nd2+ 51. Ke3 Ne4 52. Nf3 Nf6 53. Ng5 Ng4+ 54. Kf3 Nf6 55. Ke3 Nh5 56. Kf3 Ng7 57.
Ke3 Ne8 58. Kf3 Nd6 59. Ke3 Nc4+ 60. Kf3 Na5 61. Ke3 Nc6 62. Kf3 Nd4+ 63. Ke3 Nc6 64. Kf3 Nd8 65. Ke3 Kd6 66. Nh7 Ke7 67. Ng5 Kf6 68.
Nf3 Nc6 69. Nd2 Kg6 70. Nc4 Kh5 71. Nd6 Kg4 72. Nf7 Nb4 73. Ne5+ Kg3 74. Ng6 Nd5+ 75. Kd4 Nxf4 76. Ne7 Kg4 77. Ke5 Nd3+ 78. Kxe6 f4 79. Nd5 f3 80. Ne3+ Kf4 81. Nf1 Nb2 82. Kd5 Nd1 83. Kd4 f2 84. Kd3 Kf3 85. Kd2 Nb2 86. Kc2 Nc4 87. Kd3 Ne5+ 88. Kd2 Ng4 89. Kd3 Kg2 90.
Ke2 Nh2 91. Nxh2 Kxh2 92. Kxf2 1/2-1/2

[Event "*** Titled Tuesday Blitz"]
[Site "Chess.com"]
[Date "2018.09.04"]
[Round "3"]
[White "Pilopa"]
[Black "luizzy"]
[Result "1-0"]
[WhiteElo "2320"]
[BlackElo "2389"]
[TimeControl "180+2"]
[EndTime "14:16:50 PDT"]
[Termination "Pilopa won by resignation"]

1. d4 d6 2. e4 Nf6 3. Bd3 Nbd7 4. Nf3 e5 5. c3 Be7 6. O-O O-O 7. Nbd2 Re8 8. Re1 c6 9. Nf1 Qc7 10. Ng3 Bf8 11. h3 a5 12. a4 b6 13. Qb3 Ba6 14.
Bxa6 Rxa6 15. Ng5 Re7 16. Nf5 Nb8 17. Nxe7+ Qxe7 18. dxe5 dxe5 19. Qc4 Ra7 20. Be3 Rb7 21. Rad1 h6 22. Nf3 Qc7 23. b3 Nbd7 24. b4 axb4 25. cxb4 b5 26. axb5 cxb5 27. Qxc7 Rxc7 28. Bc5 Bxc5 29. bxc5 Rxc5 30. Re2 Rc4 31. Rb2 b4 32. Rdb1 Nxe4 33. Rxb4 Rxb4 34. Rxb4 Nd6 35. Rb1 Kf8 36.
Kf1 Ke7 37. Ke2 f6 38. g4 Nc5 39. Ra1 Nd7 40. Nh4 Ke6 41. Ra6 Nc5 42. Rc6 Nb3 43.
Nf5 Nd4+ 44. Nxd4+ exd4 45. Rc7 g5 46. Rh7 Ke5 47.
Rxh6 Ne4 48. f3 Nc3+ 49. Kd3 Nd5 50. h4 gxh4 51. Rh5+ Ke6 52. Kxd4 Nb4 53. Rxh4 Nc2+ 54. Kd3 Ne1+ 55. Ke2 Ng2 56. Rh8 Nf4+ 57. Ke3 Nd5+ 58. Kd4 Ne7 59. Ra8 Ng6 60. Ke4 Kf7 61. Ra7+ Ne7 62. f4 Kf8 63. Rb7 Kf7 64. Kf3 Ke6 65. Rb6+ Kf7 66. Kg3 Nd5 67. Ra6 Nc3 68. Rc6 Ne4+ 69.
Kf3 Nd2+ 70. Ke3 Nf1+ 71. Kf2 Nd2 72. Ra6 Nb3 73. Kg3 Nc5 74. Ra7+ Kg6 75. f5+ Kh6 76. Rf7 Kg5 77. Rg7+ Kh6 78. Rg6+ Kh7 79. Kf4 Nd7 80.
Ke4 Ne5 81. Rxf6 Nxg4 82. Rg6 Nh6 83. Rg1 Nf7 84. Kd5 Kh8 85. Ke6 Nd8+ 86. Kd7 Nf7 87.
Ke7 Ne5 88. f6 Nc6+ 89. Ke8 Ne5 90. f7 Ng6 91. Rxg6 1-0

[Event "*** Titled Tuesday Blitz"]
[Site "Chess.com"]
[Date "2018.09.04"]
[Round "3"]
[White "Slovak_fighter2000"]
[Black "ShadyH9"]
[Result "1/2-1/2"]
[WhiteElo "2402"]
[BlackElo "2180"]
[TimeControl "180+2"]
[EndTime "14:17:48 PDT"]
[Termination "Game drawn by repetition"]

1. d4 Nf6 2. c4 g6 3. Nc3 Bg7 4. e4 d6 5. Nf3 O-O 6. Be2 e5 7. Be3 Nbd7 8. O-O h6 9. h3 exd4 10. Nxd4 Re8 11. Bf3 Ne5 12. b3 Nxf3+ 13. Qxf3 Nh7 14.
Rad1 Ng5 15. Bxg5 hxg5 16. Nd5 c6 17. Ne3 Qe7 18. Ne2 Qxe4 19. Qxe4 Rxe4 20. Rxd6 Re8 21. Rfd1 Be5 22. Rd8 Be6 23. Rxa8 Rxa8 24. Nd4 Bxd4 25. Rxd4 Kf8 26. Kf1 Ke7 27. Ke2 b6 28. Nc2 c5 29.
Rd2 Rd8 30. Rxd8 Kxd8 31. Ne3 Ke7 32. Kd3 Kd6 33. Ke4 f5+ 34. Kd3 Ke5 35. Nf1 f4 36. Nd2 Bf5+ 37. Kc3 g4 38. hxg4 Bxg4 39. a3 a5 40. b4 axb4+ 41. axb4 Be2 42. bxc5 bxc5 43.
Nb3 Kd6 44. Nc1 Bf1 45. g3 fxg3 46. fxg3 Ke5 47. Nb3 Kd6 48. Nd2 Bg2 49. Kd3 Ke5 50.
Ke3 Bb7 51. Nb3 Kd6 52. Kf4 Ba6 53. Nd2 Bc8 54. Ne4+ Kc6 55. Ke5 Bf5 56. Nd6 Bd3 57.
g4 Be2 58. g5 Bd3 59. Nc8 Bxc4 60. Ne7+ Kd7 61. Nxg6 Bd3 62. Nf4 Bb1 63. Kf6 Ke8 64. Nd5 Kf8 65. Nf4 c4 66. Nd5 Bd3 67. Ke5 Kg7 68. Kf4 Kg6 69. Nc3 Bc2 70. Kg4 Bd3 71. Nd5 Bc2 72. Ne3 Bd3 73. Ng2 Kg7 74. Nf4 Bb1 75.
Ne6+ Kg6 76. Nf4+ Kg7 77. Nd5 Bd3 78. Kf4 Kg6 79. Ne7+ Kg7 80. Nd5 Kg6 81. Kg4 Bb1 82. Nf4+ Kg7 83. Kh5 c3 84. Ne6+ Kg8 85. Nd4 c2 86.
Nb3 Ba2 87. Nc1 Bd5 88. Kg6 Be4+ 89. Kf6 Bh7 90. Ne2 Bd3 91. Nc1 Bh7 92. Ke5 Kg7 93.
Kf4 Kf7 94. Nb3 Kg7 95. Nc1 Bg6 96. Kg4 Bh7 97. Kh5 Bg6+ 98. Kg4 Bh7 99. Kf4 Bg6 100. Ne2 Bh7 101. Nc1 Bg6 1/2-1/2

[Event "*** Titled Tuesday Blitz"]
[Site "Chess.com"]
[Date "2018.09.04"]
[Round "3"]
[White "SmoothAsAHedgehog"]
[Black "NateSolon"]
[Result "0-1"]
[WhiteElo "2580"]
[BlackElo "2519"]
[TimeControl "180+2"]
[EndTime "14:18:11 PDT"]
[Termination "NateSolon won by resignation"]

1. Nf3 d5 2. c4 e6 3. g3 Nf6 4. Bg2 dxc4 5. O-O a6 6. Qc2 b5 7.
a4 Bb7 8. b3 cxb3 9. Qxb3 b4 10. d4 Bd5 11. Qb2 Nc6 12. a5 Be7 13. Bg5 O-O 14.
Nbd2 Rb8 15. Bxf6 Bxf6 16. e4 Nxd4 17. Nxd4 c5 18. exd5 Bxd4 19. Qb3 Bxa1 20. Rxa1 Qf6 21. Rc1 Rfc8 22. dxe6 Qxe6 23. Bd5 Qe7 24. Nc4 Rc7 25. Nb6 g6 26. h4 Qe5 27. Qc4 Qb2 28. Re1 Qc3 29.
Qxc3 bxc3 30. Rc1 c4 31. Kg2 Rd8 32. Rxc3 Rc5 33. Bxc4 Rxa5 34. Rf3 Rf5 35. Rxf5 gxf5 36. Nd5 Kg7 37. Ne3 f4 38. gxf4 a5 39. Kf3 a4 40.
Ke4 a3 41. Kf5 Rd2 42. f3 a2 43. Bxa2 Rxa2 44. Kg4 Ra1 45. f5 Ra4+ 46. Kg3 Kf6 47. Kh3 h5 48. Kg3 Rd4 49. Nc2 Ra4 50. Ne3 Ra3 51. Kf4 Ra4+ 52. Kg3 Ke5 53. Ng2 Kxf5 54.
Ne3+ Ke5 55. Ng2 Ra3 56. Nf4 Kf5 57. Nxh5 Rb3 58. Nf4 Rb4 59. Nd3 Ra4 60. Nf2 Kg6 61. Ng4 Kf5 62. Ne3+ Kg6 63. Nd5 Ra5 64. Ne7+ Kf6 65.
Nc6 Rd5 66. Nb4 Rd4 67. Nc2 Rd3 68. Ne1 Rd4 69. Ng2 Kf5 70. Ne3+ Kg6 71. Ng4 Ra4 72. Ne5+ Kf6 73. Nd3 Ra3 74. Nc5 Ra5 75. Nb3 Rb5 76.
Nd4 Rb4 77. Ne2 Rb3 78. Kg4 Rb4+ 79. f4 Rb2 80. Ng3 Rg2 81. Kf3 Ra2 82. h5 Kg7 83. Nf5+ Kf6 84. Ng3 Kg7 85. Kg4 Rg2 86. Kh4 Rg1 87.
Nf5+ Kf6 88. Ne3 Rh1+ 89. Kg4 Rg1+ 90. Kf3 Rh1 91. Ng4+ Kg7 92. h6+ Kg6 93. Kg2 Rh4 94. Kg3 Rh1 95. Kg2 Ra1 96. Kg3 f5 97. Ne5+ Kxh6 98.
Nd7 Kh5 99. Nf6+ Kg6 100. Nd7 Ra3+ 101. Kh4 Ra1 102. Kg3 Kf7 103. Ne5+ Ke6 104. Kh4 Kd5 105. Kg5 Ke4 106. Nc4 Rg1+ 107. Kh4 Kxf4 108. Kh3 Rg8 109. Nd2 Ke3 110. Nc4+ Ke2 111. Nd6 f4 112. Ne4 f3 113. Kh4 f2 0-1

[Event "*** Titled Tuesday Blitz"]
[Site "Chess.com"]
[Date "2018.09.04"]
[Round "4"]
[White "Quiet_Desperation"]
[Black "51616516516"]
[Result "1-0"]
[WhiteElo "1906"]
[BlackElo "2196"]
[TimeControl "180+2"]
[EndTime "14:21:01 PDT"]
[Termination "Quiet_Desperation won by checkmate"]

1. e4 c5 2. Nf3 e6 3. d4 cxd4 4. Nxd4 a6 5. Bd3 Bc5 6. Nb3 Be7 7. Nc3 Nc6 8. O-O Nf6 9. Be3 O-O 10. f4 d6 11. Kh1 b5 12. a3 Bb7 13. Rf3 g6 14. Rh3 Na5 15. Nxa5 Qxa5 16. e5 dxe5 17.
fxe5 Nh5 18. Rxh5 gxh5 19. Qxh5 b4 20. Qxh7# 1-0

[Event "*** Titled Tuesday Blitz"]
[Site "Chess.com"]
[Date "2018.09.04"]
[Round "4"]
[White "amiralfio"]
[Black "MFBerna"]
[Result "0-1"]
[WhiteElo "2448"]
[BlackElo "2365"]
[TimeControl "180+2"]
[EndTime "14:21:18 PDT"]
[Termination "MFBerna won by resignation"]

1. d4 Nf6 2. Nf3 e6 3. c4 d5 4. Nc3 Be7 5. Bf4 O-O 6. e3 Nbd7 7. c5 Nh5 8. Be5 f6 9. Bg3 f5 10. Ne5 Nxg3 11. hxg3 Nxe5 12. dxe5 Bxc5 13. Qh5 h6 14. Qg6 Qe8 15. Rxh6 Qxg6 16. Rxg6 Kh7 17.
Rg5 Kh6 18. f4 Be7 0-1

[Event "*** Titled Tuesday Blitz"]
[Site "Chess.com"]
[Date "2018.09.04"]
[Round "4"]
[White "Eagle_pada"]
[Black "jerom555888"]
[Result "1-0"]
[WhiteElo "2670"]
[BlackElo "2599"]
[TimeControl "180+2"]
[EndTime "14:21:28 PDT"]
[Termination "Eagle_pada won by checkmate"]

1. d4 f5 2. Nf3 Nf6 3. e3 g6 4. Be2 Bg7 5. O-O O-O 6. b4 d6 7.
Bb2 Ne4 8. Nbd2 Nxd2 9. Qxd2 Nd7 10. Bc4+ Kh8 11. Bb3 e5 12. dxe5 Nxe5 13. Nxe5 dxe5 14. Rfd1 Qe7 15. Qd5 f4 16. exf4 c6 17. Qc4 Rxf4 18.
Qg8# 1-0

[Event "*** Titled Tuesday Blitz"]
[Site "Chess.com"]
[Date "2018.09.04"]
[Round "4"]
[White "JoachimMouhamad"]
[Black "Sven_Tica"]
[Result "1-0"]
[WhiteElo "2414"]
[BlackElo "2613"]
[TimeControl "180+2"]
[EndTime "14:21:40 PDT"]
[Termination "JoachimMouhamad won by checkmate"]

1. e4 c5 2. Nf3 Nf6 3. Nc3 d5 4. exd5 Nxd5 5. Bb5+ Bd7 6. Qe2 Nxc3 7. dxc3 a6 8.
Bxd7+ Nxd7 9. Bf4 Qb6 10. O-O-O e6 11. Rhe1 Be7 12. Ne5 Nf6 13. Nc4 Qc6 14. Nd6+ Bxd6 15. Rxd6 Qxg2 16. Rxe6+ fxe6 17. Qxe6+ Kf8 18. Bd6# 1-0

[Event "*** Titled Tuesday Blitz"]
[Site "Chess.com"]
[Date "2018.09.04"]
[Round "4"]
[White "Manukyan_Artak"]
[Black "arna"]
[Result "1/2-1/2"]
[WhiteElo "2306"]
[BlackElo "2084"]
[TimeControl "180+2"]
[EndTime "14:21:55 PDT"]
[Termination "Game drawn by repetition"]

1. e4 c5 2. Nf3 g6 3. c3 Bg7 4. d4 cxd4 5. cxd4 d5 6. exd5 Nf6 7.
Bb5+ Nbd7 8. Nc3 O-O 9. Bxd7 Bxd7 10. Qb3 b6 11. O-O Bc8 12. Ne5 Bb7 13. Nc6 Qd7 14.
Ne5 Qd8 15. Nc6 Qd7 16. Ne5 Qd8 1/2-1/2

[Event "*** Titled Tuesday Blitz"]
[Site "Chess.com"]
[Date "2018.09.04"]
[Round "4"]
[White "Bauxi435"]
[Black "Der_Honigdachs"]
[Result "1-0"]
[WhiteElo "2354"]
[BlackElo "2293"]
[TimeControl "180+2"]
[EndTime "14:22:30 PDT"]
[Termination "Bauxi435 won by resignation"]

1. d4 Nf6 2. c4 g6 3. Nc3 Bg7 4. e4 d6 5. Be2 O-O 6. Be3 c6 7. g4 e5 8. d5 Na6 9. g5 Ne8 10. h4 f5 11. gxf6 Nxf6 12. h5 gxh5 13. Bxh5 Nc5 14. Bf3 a5 15. Nh3 Bxh3 16. Rxh3 b5 17.
dxc6 b4 18. Nd5 Nfxe4 19. Bxe4 Nxe4 20. Qh5 h6 21. Bxh6 Nxf2 22. Rg3 Rf7 1-0

[Event "*** Titled Tuesday Blitz"]
[Site "Chess.com"]
[Date "2018.09.04"]
[Round "4"]
[White "Justmig"]
[Black "TrimitziosP7"]
[Result "1-0"]
[WhiteElo "2640"]
[BlackElo "2646"]
[TimeControl "180+2"]
[EndTime "14:22:55 PDT"]
[Termination "Justmig won by resignation"]

1. e4 e5 2. Nf3 Nc6 3. Bc4 Bc5 4. d3 Nf6 5. Nbd2 a6 6. a4 d6 7. O-O h6 8. Re1 O-O 9. h3 Nh5 10. Nf1 Qf6 11. Be3 Be6 12. Bxc5 dxc5 13. N3d2 Nf4 14. Ne3 Nd4 15. c3 Nc6 16. Nd5 Qg5 17. Nxf4 exf4 18. Bxe6 fxe6 19. Nf3 Qg6 20. Qb3 b6 21. d4 cxd4 22.
cxd4 Rad8 23. Qc4 Qe8 24. Rac1 Na5 25. Qxc7 Qxa4 26. Qxb6 Rfe8 27. Ra1 Nc4 28. Qxd8 1-0

[Event "*** Titled Tuesday Blitz"]
[Site "Chess.com"]
[Date "2018.09.04"]
[Round "4"]
[White "Kouzari"]
[Black "TastyFrenchFries"]
[Result "0-1"]
[WhiteElo "2451"]
[BlackElo "2358"]
[TimeControl "180+2"]
[EndTime "14:22:55 PDT"]
[Termination "TastyFrenchFries won by resignation"]

1. d4 e6 2. e4 d5 3. Nc3 Bb4 4.
a3 Bxc3+ 5. bxc3 dxe4 6. Qg4 Nf6 7. Qxg7 Rg8 8. Qh6 Nbd7 9. Nh3 b6 10. a4 Bb7 11. a5 c5 12. Bg5 Rg6 13. Qh4 h6 14.
Bxf6 Qxf6 15. Qxf6 Nxf6 16. Nf4 Rg4 17. g3 O-O-O 18.
axb6 axb6 19. dxc5 bxc5 20. Ra5 e3 21. Rxc5+ Kd7 22.
f3 Bxf3 23. Rg1 Ra8 0-1

[Event "*** Titled Tuesday Blitz"]
[Site "Chess.com"]
[Date "2018.09.04"]
[Round "4"]
[White "inegrepus"]
[Black "Aklanion"]
[Result "0-1"]
[WhiteElo "2203"]
[BlackElo "2124"]
[TimeControl "180+2"]
[EndTime "14:22:57 PDT"]
[Termination "Aklanion won by checkmate"]

1. d4 Nf6 2. c4 g6 3. Nc3 Bg7 4. e4 d6 5. f3 O-O 6. Be3 Nc6 7. Qd2 a6 8. Nge2 Rb8 9. d5 Na5 10. Nd4 c5 11. Nc2 Bd7 12. a4 Nb3 13. Qd1 Nxa1 14. Qxa1 Qa5 15. Bd2 Qc7 16. Be2 e6 17. O-O exd5 18.
exd5 Rfe8 19. Qd1 b5 20. f4 b4 21. Nb1 Bxa4 22. f5 Ne4 23. fxg6 hxg6 24. Bd3 Bd4+ 25. Kh1 Nf2+ 26. Rxf2 Bxf2 27. Qf3 Bxc2 28. Bxc2 Bd4 29. Bh6 Bg7 30. Bd2 Bxb2 31. h4 Qe7 32. g3 Qe2 33.
Qf4 Be5 34. Qh6 Bxg3 35. Bc3 Qh2# 0-1